 Dungeon Crawl Stone Soup version 0.25-a0-420-g1cc7eeb0d1 (webtiles) character file.

Game seed: 6946272005936721241, levelgen mode: deterministic

36 Nephtyrin the Ruffian (level 3, 0/28 HPs)
             Began as a Draconian Transmuter on Jan 18, 2020.
             Slain by a crimson imp (1 damage)
             ... summoned by Natasha
             ... on level 2 of the Dungeon.
             The game lasted 00:16:02 (1765 turns).

Nephtyrin the Ruffian (Draconian Transmuter)        Turns: 1765, Time: 00:16:03

Health: 0/28       AC:  5    Str: 13    XL:     3   Next: 19%
Magic:  6/6        EV: 12    Int: 16    God:
Gold:   89         SH:  0    Dex: 11    Spells: 5/6 levels left

rFire    . . .     SeeInvis .   q - +0 rapier
rCold    . . .     Gourm    .   (no shield)
rNeg     . . .     Faith    .   (armour unavailable)
rPois    .         Spirit   .   (helmet restricted)
rElec    .         Reflect  .   (no cloak)
rCorr    .         Harm     .   (no gloves)
MR       .....                  (no boots)
Stlth    +.........             (no amulet)
HPRegen  0.09/turn              k - +3 ring of intelligence
MPRegen  0.10/turn              (no ring)

@: hasted, very quick
A: unfitting armour, cold-blooded, AC +5
a: no special abilities


You were on level 2 of the Dungeon.
You were not hungry.

You visited 1 branch of the dungeon, and saw 2 of its levels.

You collected 89 gold pieces.

Inventory:

Hand Weapons
 b - a +0 hand axe
 h - a +0 club
 l - a +0 club
 q - a +0 rapier (weapon)
Missiles
 a - 69 arrows
 i - 6 boomerangs
 j - 6 stones (quivered)
Armour
 o - a +0 leather armour
 u - a +0 ring mail
Jewellery
 k - a +3 ring of intelligence (left hand)
Wands
 r - a wand of disintegration (19)
Scrolls
 c - a scroll of amnesia {unknown}
 d - 2 scrolls of enchant armour
 e - 4 scrolls of identify
 f - a scroll of remove curse
 m - a scroll of teleportation {unknown}
Potions
 g - a potion of degeneration {unknown}
 n - a potion of haste
 t - a potion of curing {unknown}
Comestibles
 p - a ration
 s - 2 chunks of flesh


   Skills:
 + Level 1.2 Fighting
 + Level 1.4 Axes
 + Level 2.3 Dodging
 + Level 3.2 Unarmed Combat
 + Level 2.0 Spellcasting
 + Level 2.2 Transmutations


You had 5 spell levels left.
You knew the following spells:

 Your Spells              Type           Power        Failure   Level  Hunger
a - Beastly Appendage     Tmut           #.....       9%          1    #......

Your spell library contained the following spells:

 Spells                   Type           Power        Failure   Level  Hunger
 Sticks to Snakes         Tmut           #.......     13%         2    ###....
 Spider Form              Tmut/Pois      #.........   36%         3    ###....
 Ice Form                 Ice/Tmut       #.......     78%         4    #####..
 Blade Hands              Tmut           #.........   93%         5    ######.


Dungeon Overview and Level Annotations

Branches:
Dungeon (2/15)

Altars:

Annotations:
D:2 Natasha


Innate Abilities, Weirdness & Mutations

Your plain brown scales are hard. (AC +5)
You cannot fit into any form of body armour.
You are cold-blooded and may be slowed by cold attacks.


Message History

Natasha mumbles some strange words.
The crimson imp hits you.
* * * LOW HITPOINT WARNING * * *
You are too injured to fight recklessly!
You closely miss the crimson imp.
The crimson imp hits you but does no damage.
You barely miss the crimson imp.
The crimson imp hits you but does no damage.
The crimson imp blinks!
You hit the crimson imp.
The crimson imp is moderately wounded.
Natasha stares at you and mumbles some strange words.
You resist with significant effort. The crimson imp hits you.
* * * LOW HITPOINT WARNING * * *
The crimson imp barely misses you.
Natasha zaps a wand.
The puff of flame hits you!
* * * LOW HITPOINT WARNING * * *
Found a coppery potion.
The crimson imp hits you.
You die...

$.#......†#5..5...#.#
.................JZJ..#
###.#####..#########h.#
# #.## #.## #...!
######Z#
#...(.##(...hJ#
#........5.####
......##5..# ##@## #.#
#.# ... #.. #..# ...#
##.#


You could see 2 crimson imps.

Vanquished Creatures
  An ooze (D:2)
  A leopard gecko (D:1)
  3 giant cockroaches (D:1)
  2 goblins
  4 hobgoblins (D:1)
  6 bats
  2 frilled lizards (D:1)
  5 kobolds (D:1)
  5 rats
29 creatures vanquished.

Notes
Turn   | Place    | Note
-------+----------+-------------------------------------------
     0 | D:1      | Nephtyrin the Draconian Transmuter began the quest for the
                  | Orb.
     0 | D:1      | Reached XP level 1. HP: 16/16 MP: 3/3
   613 | D:1      | Reached XP level 2. HP: 23/23 MP: 5/5
   746 | D:1      | Reached skill level 1 in Axes
  1604 | D:2      | Reached XP level 3. HP: 22/28 MP: 6/6
  1727 | D:2      | Noticed Natasha
  1764 | D:2      | HP: 1/28 [Natasha/puff of flame (7)]
  1765 | D:2      | Slain by a crimson imp

Levels and vault maps discovered:
D:1:      lightli_arrival_quake, layout_loops_ring
D:2:      layout_loops_corners, chequers_ecumenical_altar_simple_redux,
          minmay_increasing_density, uniq_crazy_yiuf_cottage, uniq_natasha

Skill      XL: |  1  2 |
---------------+-------+-----
Dodging        | 2 |  2.3
Axes           | 1 |  1.4
Fighting       | |  1.2
Unarmed Combat | |  3.2
Spellcasting   | |  2.0
Transmutations | |  2.2

Action                   || total
-------------------------++-------
Melee: Hand axe          ||   141
       Tailslap          ||    12
       Punch             ||     1
       Rapier            ||    20
  Use: Scroll            ||     4
       Potion            ||     1
  Eat: Ration            ||     1
       Chunk             ||     1
Armor: Skin              ||    93
Dodge: Dodged            ||   158

Table legend:
 A = Non-vault XP
 B = Vault XP
 C = Vault XP percentage of total XP
 D = Non-vault monster count
 E = Vault monster count
 F = Vault count percentage of total count
                 A         B        C        D         E       F
            +---------+---------+-------+---------+---------+-------
      Total |      48 |       4 |   7.7 |      26 |       3 |  10.3
            +---------+---------+-------+---------+---------+-------
        D:1 |      40 |       0 |   0.0 |      25 |       0 |   0.0
        D:2 |       8 |       4 |  33.3 |       1 |       3 |  75.0
            +---------+---------+-------+---------+---------+-------
